[Event "Live Chess"]
[Site "Chess.com"]
[Date "2020.04.04"]
[Round "?"]
[White "Razmov, Valentin"]
[Black "Szeto, Sophie"]
[Result "1-0"]
[WhiteElo "1986"]
[BlackElo "1496"]
[PlyCount "93"]
[EventDate "2020.??.??"]
[TimeControl "5400+30"]

1. d4 d5 2. c4 e6 3. Nc3 Nf6 4. cxd5 exd5 5. Bg5 Be7 6. Qc2 h6 7. Bh4 O-O 8. e3
Nbd7 9. Nf3 b6 10. Bd3 Bb7 11. O-O c5 12. Rfd1 Rc8 13. Rac1 Ne4 14. Nxe4 dxe4
15. Bxe4 Bxe4 16. Qxe4 Bxh4 17. Qxh4 Qxh4 18. Nxh4 cxd4 19. exd4 Nf6 20. Nf5
Nd5 21. Ne3 Nf4 22. Kf1 Rfd8 23. Rc3 Kf8 24. g3 Ne6 25. Nc2 Nc7 26. Ke2 Nd5 27.
Rxc8 Rxc8 28. Kd3 Ke7 29. a3 a5 30. Ne3 Nxe3 31. fxe3 Ke6 32. Kd2 Kd5 33. Rc1
Rf8 34. Kd3 f5 35. Rf1 b5 36. Rxf5+ Rxf5 37. e4+ Ke6 38. exf5+ Kxf5 39. b3 h5
40. Ke3 g5 41. h3 Kf6 42. Ke4 Ke6 43. d5+ Kd6 44. Kd4 Ke7 45. Ke5 Kd7 46. d6
Kd8 47. Kf5 {_valentin_ won by resignation} 1-0

[Event "Live Chess"]
[Site "Chess.com"]
[Date "2020.04.04"]
[Round "?"]
[White "Razmov, Valentin"]
[Black "Tien, Sophie"]
[Result "0-1"]
[WhiteElo "1986"]
[BlackElo "1890"]
[PlyCount "102"]
[EventDate "2020.??.??"]
[TimeControl "5400+30"]

1. d4 d5 2. c4 e6 3. Nc3 Nf6 4. cxd5 exd5 5. Bg5 Be7 6. e3 Nbd7 7. Qc2 c6 8.
Bd3 O-O 9. Nge2 Re8 10. O-O Nf8 11. Rad1 Ne6 12. Bxf6 Bxf6 13. Bxh7+ Kh8 14.
Bf5 Ng5 15. Ng3 Bxf5 16. Qxf5 g6 17. Qg4 Qe7 18. h4 Nh7 19. h5 Rg8 20. Qe2 Qe6
21. f4 Rae8 22. Rf3 Qg4 23. hxg6 Rxg6 24. Nf1 Reg8 25. Rg3 Qf5 26. Rxg6 Rxg6
27. Nh2 Be7 28. Rf1 Nf6 29. Qf3 Ne4 30. Nxe4 dxe4 31. Qe2 Rg3 32. Rc1 Kg8 33.
Nf1 Rg6 34. g3 Kf8 35. Qh2 Ke8 36. Qh8+ Kd7 37. Qb8 Qb5 38. Rc3 Qa6 39. Rb3 b6
40. a3 Bd6 41. Qh8 Qa4 42. Rc3 Qd1 43. Qh3+ Kc7 44. Qg2 Be7 45. Rc2 Bh4 46. Kh2
Bxg3+ 47. Nxg3 Rh6+ 48. Nh5 Qxh5+ 49. Kg3 Rg6+ 50. Kf2 Rxg2+ 51. Kxg2 Qf3+ {
penhotien won by resignation} 0-1

[Event "Live Chess"]
[Site "Chess.com"]
[Date "2020.04.05"]
[Round "?"]
[White "Goktepe, Derin"]
[Black "Razmov, Valentin"]
[Result "1-0"]
[WhiteElo "1912"]
[BlackElo "1986"]
[PlyCount "79"]
[EventDate "2020.??.??"]
[TimeControl "5400+30"]

1. d4 d5 2. c4 e6 3. Nc3 Nf6 4. cxd5 exd5 5. Bg5 Nbd7 6. Qc2 Be7 7. e3 O-O 8.
Bd3 Re8 9. Nge2 Nf8 10. O-O c6 11. f3 Nh5 12. Bxe7 Qxe7 13. e4 dxe4 14. fxe4 g6
15. Kh1 Ne6 16. e5 Rf8 17. Ne4 f5 18. Nd6 Nhg7 19. Bc4 Ne8 20. Nxc8 Rxc8 21.
Qb3 N8g7 22. Nf4 Rfe8 23. Bxe6+ Nxe6 24. Nxe6 Qxe6 25. Qxb7 Rb8 26. Qxa7 Rxb2
27. Rfb1 Rxb1+ 28. Rxb1 Qc4 29. Qd7 Qe6 30. Qa7 Qc4 31. h3 Qc2 32. Rg1 Qc4 33.
Qd7 Qe6 34. Qb7 Qc4 35. Qa7 Rd8 36. Qe7 Qxd4 37. e6 Qd6 38. Qf7+ Kh8 39. e7 Rg8
40. e8=Q {dgwizard won by resignation} 1-0

[Event "Live Chess"]
[Site "Chess.com"]
[Date "2020.04.05"]
[Round "?"]
[White "Razmov, Valentin"]
[Black "Qian, Daniel"]
[Result "1/2-1/2"]
[WhiteElo "1986"]
[BlackElo "1886"]
[PlyCount "62"]
[EventDate "2020.??.??"]
[TimeControl "5400+30"]

1. d4 d5 2. c4 e6 3. Nc3 Be7 4. cxd5 exd5 5. Nf3 c6 6. Bf4 Bd6 7. Bxd6 Qxd6 8.
Qc2 Nf6 9. e3 Be6 10. Bd3 Nbd7 11. O-O O-O 12. Ng5 h6 13. Nxe6 fxe6 14. f4 c5
15. Rf3 Rac8 16. Qf2 Qb6 17. Rd1 a6 18. Rd2 Kh8 19. Bb1 cxd4 20. exd4 Rc4 21.
h3 Nb8 22. g4 Nc6 23. Ne2 Rb4 24. b3 a5 25. Qe3 a4 26. Bc2 axb3 27. axb3 Ne4
28. Rd1 e5 29. fxe5 Rxf3 30. Qxf3 Nxd4 31. Nxd4 Rxd4 {Game drawn by agreement}
1/2-1/2

[Event "Live Chess"]
[Site "Chess.com"]
[Date "2020.04.05"]
[Round "?"]
[White "Razmov, Valentin"]
[Black "Wang, Felicity"]
[Result "1-0"]
[WhiteElo "1986"]
[BlackElo "1637"]
[PlyCount "131"]
[EventDate "2020.??.??"]
[TimeControl "5400+30"]

1. d4 g6 2. c4 Bg7 3. Nc3 d6 4. e4 Nd7 5. Nf3 e5 6. Be2 Ne7 7. O-O O-O 8. d5 h6
9. Ne1 f5 10. Nd3 f4 11. Bg4 Nf6 12. Bxc8 Rxc8 13. g4 Qd7 14. f3 Nh7 15. Kg2 h5
16. h3 Bh6 17. b4 Nf6 18. Nf2 Kf7 19. a4 Rh8 20. Qe2 Rh7 21. Rh1 Rch8 22. Bd2
g5 23. Rh2 Ng6 24. Rah1 Nh4+ 25. Kg1 Bg7 26. c5 Rh6 27. Be1 hxg4 28. hxg4 Qe8
29. Nd3 Ng6 30. Rxh6 Rxh6 31. Rxh6 Bxh6 32. Nb5 Qb8 33. cxd6 cxd6 34. Qc2 Ne8
35. Bf2 a6 36. Ba7 Qd8 37. Na3 Nh4 38. Kf2 Qa8 39. Bb6 Qb8 40. Qc4 Bf8 41. b5
axb5 42. Nxb5 Be7 43. a5 Bd8 44. Nb2 Ke7 45. Qb4 Qc8 46. Nc4 Bxb6+ 47. axb6 Qd7
48. Nxe5 Qc8 49. Nc4 Qa8 50. Na7 Qb8 51. e5 Ng6 52. exd6+ Nxd6 53. Nxd6 Qh8 54.
Nac8+ Kf8 55. Ne4+ Kg8 56. Ke2 Qh2+ 57. Nf2 Qh7 58. Qe4 Kg7 59. Ne7 Kf7 60.
Qxg6+ Qxg6 61. Nxg6 Kxg6 62. Ne4 Kf7 63. Nxg5+ Ke7 64. Ne4 Kd7 65. g5 Ke7 66.
g6 {_valentin_ won by resignation} 1-0

[Event "Live Chess"]
[Site "Chess.com"]
[Date "2020.04.04"]
[Round "?"]
[White "Nallabothula, Varin"]
[Black "Vega, Isaac"]
[Result "1-0"]
[WhiteElo "1293"]
[BlackElo "1972"]
[PlyCount "97"]
[EventDate "2020.??.??"]
[TimeControl "5400+30"]

1. e4 c5 2. Nc3 e6 3. g3 d5 4. d3 d4 5. Nce2 Nf6 6. f4 Nc6 7. Nf3 Be7 8. Bg2
O-O 9. O-O Rb8 10. b3 b5 11. Bb2 Ng4 12. Bc1 h6 13. e5 h5 14. h3 Nh6 15. Ng5
Nb4 16. Ne4 Bb7 17. a3 Nd5 18. Bd2 Nf5 19. Qc1 Nfe3 20. Bxe3 Nxe3 21. Rf2 Nxg2
22. Kxg2 Qd5 23. Kh2 f5 24. Nd2 h4 25. Nf3 hxg3+ 26. Nxg3 g6 27. Qg1 Kf7 28.
Qg2 Rh8 29. Ng5+ Bxg5 30. Qxd5 Bxd5 31. fxg5 Rh4 32. Ne2 Rbh8 33. Nf4 Rg4 34.
Rg1 Rxg1 35. Kxg1 Rb8 36. Kh2 c4 37. b4 cxd3 38. cxd3 Rc8 39. Ne2 Rc3 40. Nxc3
dxc3 41. Rc2 Kg7 42. Rxc3 Kf7 43. Rc7+ Ke8 44. Rxa7 Kd8 45. Rg7 Bb3 46. Rxg6
Kd7 47. Rf6 Bc2 48. g6 Bxd3 49. g7 {SilverDragon5 won by resignation} 1-0

[Event "Live Chess"]
[Site "Chess.com"]
[Date "2020.04.04"]
[Round "?"]
[White "Vega, Isaac"]
[Black "Wang, Felicity"]
[Result "1-0"]
[WhiteElo "1972"]
[BlackElo "1637"]
[PlyCount "151"]
[EventDate "2020.??.??"]
[TimeControl "5400+30"]

1. e4 e5 2. Nf3 Nc6 3. Bb5 a6 4. Ba4 d6 5. c3 Bd7 6. d4 g6 7. Bg5 f6 8. Be3 Bg7
9. O-O Nh6 10. d5 Nb8 11. Bc2 O-O 12. c4 Ng4 13. Bd2 f5 14. Nc3 f4 15. b4 g5
16. Ne1 h5 17. f3 Nh6 18. Nd3 g4 19. Qe2 Qf6 20. Ba4 Bc8 21. c5 Nd7 22. c6 Nb6
23. cxb7 Bxb7 24. Bb3 Kh7 25. a4 Rf7 26. a5 Nd7 27. Rfc1 Bh8 28. Nd1 Nf8 29.
Ra2 Ng6 30. Rac2 Qg7 31. Be1 Rg8 32. N1b2 Bc8 33. Kh1 Nf8 34. Bd2 Ng6 35. Nc4
Rd8 36. Nb6 Bb7 37. Na4 Rdd7 38. Nac5 dxc5 39. Nxc5 Bc8 40. Ne6 Qf6 41. Nxc7
Bb7 42. Ne6 Nf8 43. Nc5 Rd6 44. Nxb7 Rxb7 45. Rc7+ Rxc7 46. Rxc7+ Kg8 47. Rc6
Kh7 48. Qxa6 Nf7 49. Qb7 Bg7 50. a6 Nd8 51. Rxd6 Qxd6 52. Qc8 Qb6 53. Qf5+ Kh6
54. fxg4 hxg4 55. Qc8 Qf2 56. Qc1 Nd7 57. Qe1 Qd4 58. Qh4+ Kg6 59. Qxg4+ Kh6
60. Qh4+ Kg6 61. Qg4+ Kh6 62. Bd1 Nf6 63. Qh3+ Kg6 64. Qc3 Qb6 65. Qd3 Nd7 66.
h3 Nb8 67. Be2 Bf8 68. Qb5 Qa7 69. Qe8+ Kg7 70. Qxd8 Nxa6 71. Qg5+ Kh8 72.
Qxe5+ Bg7 73. Qh5+ Kg8 74. d6 Nb8 75. Bc4+ Kf8 76. Qf5+ {InversePenguinAlter
won by resignation} 1-0

[Event "Live Chess"]
[Site "Chess.com"]
[Date "2020.04.04"]
[Round "?"]
[White "Vega, Isaac"]
[Black "Vemparala, Nikash"]
[Result "1-0"]
[WhiteElo "1972"]
[BlackElo "1672"]
[PlyCount "71"]
[EventDate "2020.??.??"]
[TimeControl "5400+30"]

1. e4 e5 2. Nf3 Nc6 3. Bb5 Nf6 4. Nc3 Bc5 5. Nxe5 Bxf2+ 6. Kxf2 Nxe5 7. d4 Ng6
8. e5 Ng8 9. Rf1 N8e7 10. Kg1 O-O 11. Bg5 h6 12. Be3 d6 13. Qh5 c6 14. Bc4 d5
15. Bd3 Be6 16. Ne2 Qd7 17. h3 b6 18. Nf4 Nxf4 19. Rxf4 Qe8 20. Raf1 Rc8 21.
R4f3 c5 22. Rg3 Ng6 23. Bxh6 cxd4 24. Rf6 Rc7 25. Bxg7 Kxg7 26. Rgxg6+ fxg6 27.
Rxg6+ Qxg6 28. Qxg6+ Kh8 29. Qh6+ Kg8 30. Qxe6+ Rcf7 31. Bg6 Kg7 32. Bxf7 Rxf7
33. Qxd5 a6 34. Qxd4 Re7 35. e6+ Kf8 36. Qh8# {InversePenguinAlter won by
checkmate} 1-0

[Event "Live Chess"]
[Site "Chess.com"]
[Date "2020.04.05"]
[Round "?"]
[White "Vega, Isaac"]
[Black "Tien, Sophie"]
[Result "0-1"]
[WhiteElo "1972"]
[BlackElo "1890"]
[PlyCount "86"]
[EventDate "2020.??.??"]
[TimeControl "5400+30"]

1. e4 e5 2. Nf3 Nc6 3. Bb5 a6 4. Ba4 d6 5. c3 Bd7 6. d4 g6 7. Bg5 f6 8. Be3 Bg7
9. O-O Nge7 10. Re1 O-O 11. h3 h6 12. d5 Nb8 13. Nh2 f5 14. f3 Qe8 15. Bc2 f4
16. Bf2 g5 17. b4 Qg6 18. Nd2 Bc8 19. Nb3 Nd7 20. Bd3 Nf6 21. Rc1 h5 22. c4 g4
23. fxg4 hxg4 24. hxg4 Nxg4 25. Nf3 Nxf2 26. Kxf2 Qg3+ 27. Kg1 Kf7 28. c5 Bf6
29. cxd6 cxd6 30. Rc7 Rg8 31. Bf1 Rg7 32. Nbd2 Bh3 33. Qe2 Rh8 34. Qf2 Qg6 35.
Rec1 Qh6 36. Nc4 Bxg2 37. Nxd6+ Kf8 38. Rc8+ Nxc8 39. Rxc8+ Ke7 40. Nf5+ Kd7
41. Nxh6 Bxf3+ 42. Kh2 Rxh6+ 43. Bh3+ Rxh3+ {penhotien won by resignation} 0-1

[Event "Live Chess"]
[Site "Chess.com"]
[Date "2020.04.05"]
[Round "?"]
[White "Qian, Daniel"]
[Black "Vega, Isaac"]
[Result "0-1"]
[WhiteElo "1886"]
[BlackElo "1972"]
[PlyCount "28"]
[EventDate "2020.??.??"]
[TimeControl "5400+30"]

1. d4 Nf6 2. c4 g6 3. Nc3 Bg7 4. e4 d6 5. Be2 O-O 6. Nf3 e5 7. Be3 exd4 8. Nxd4
Re8 9. f3 c6 10. Nc2 d5 11. cxd5 cxd5 12. exd5 Bf5 13. Bf2 Nxd5 14. Qxd5 Bxc3+
{InversePenguinAlter won by resignation} 0-1

[Event "Live Chess"]
[Site "Chess.com"]
[Date "2020.04.04"]
[Round "?"]
[White "Chen, Minda"]
[Black "Grabinsky, Aaron"]
[Result "1-0"]
[WhiteElo "1966"]
[BlackElo "2527"]
[PlyCount "59"]
[EventDate "2020.??.??"]
[TimeControl "5400+30"]

1. d4 e6 2. c4 Bb4+ 3. Nd2 Nf6 4. a3 Be7 5. Ngf3 O-O 6. e3 d6 7. Qc2 a5 8. b3
Nc6 9. Bb2 Nd7 10. Bd3 g6 11. h4 e5 12. h5 f5 13. hxg6 hxg6 14. Be2 Bf6 15. g4
e4 16. Nh2 Nb6 17. gxf5 gxf5 18. Bh5 Bg7 19. O-O-O d5 20. Rdg1 Be6 21. Rg3 Qh4
22. Qd1 f4 23. Rxg7+ Kxg7 24. Qg1+ Kh8 25. Nhf3 Qxh1 26. Qxh1 exf3 27. cxd5
Nxd5 28. Bg6+ Kg7 29. Qh7+ Kf6 30. Ne4# {mcseattleschess4 won by checkmate} 1-0

[Event "Live Chess"]
[Site "Chess.com"]
[Date "2020.04.05"]
[Round "?"]
[White "Chen, Minda"]
[Black "Goktepe, Derin"]
[Result "0-1"]
[WhiteElo "1966"]
[BlackElo "1912"]
[PlyCount "66"]
[EventDate "2020.??.??"]
[TimeControl "5400+30"]

1. d4 Nf6 2. c4 e6 3. Nc3 Bb4 4. Qc2 b6 5. a3 Bxc3+ 6. Qxc3 Bb7 7. f3 d5 8. Be3
Nbd7 9. Bf2 Rc8 10. cxd5 exd5 11. b4 Qe7 12. Rc1 Ba6 13. e3 Bxf1 14. Kxf1 O-O
15. b5 Rfd8 16. Ne2 Nf8 17. Nf4 Ne6 18. Nd3 c5 19. bxc6 Rd6 20. Qb4 Qf8 21. Qa4
Qe8 22. Ne5 Nd8 23. Qxa7 Nxc6 24. Qb7 Ne7 25. Rxc8 Nxc8 26. Ke2 Qb5+ 27. Nd3
Rd8 28. Rc1 Nd6 29. Qe7 Rd7 30. Qe5 h6 31. Bh4 Nc4 32. Qf5 Re7 33. e4 Nd6 {
dgwizard won by resignation} 0-1

[Event "Live Chess"]
[Site "Chess.com"]
[Date "2020.04.05"]
[Round "?"]
[White "Chen, Minda"]
[Black "Szeto, Sophie"]
[Result "1-0"]
[WhiteElo "1966"]
[BlackElo "1496"]
[PlyCount "67"]
[EventDate "2020.??.??"]
[TimeControl "5400+30"]

1. d4 d5 2. c4 e6 3. Nc3 Nf6 4. Nf3 Be7 5. Bf4 O-O 6. e3 Nbd7 7. Bd3 b6 8. cxd5
exd5 9. O-O Bb7 10. Rc1 c5 11. h3 Ne4 12. dxc5 bxc5 13. Bxe4 dxe4 14. Nd2 f5
15. Qb3+ c4 16. Qxb7 Nb6 17. Rfd1 Qe8 18. Nd5 Nxd5 19. Qxd5+ Kh8 20. Nxc4 Rd8
21. Qb7 Bf6 22. Rxd8 Qxd8 23. Nd6 Qa8 24. Qxa8 Rxa8 25. b3 a6 26. Nxf5 Kg8 27.
Nd6 Kf8 28. Rc8+ Rxc8 29. Nxc8 Ke8 30. Nd6+ Kd7 31. Nxe4 Be7 32. Be5 Bf8 33.
Bd4 Kc6 34. Ng5 {mcseattleschess4 won by resignation} 1-0

[Event "Live Chess"]
[Site "Chess.com"]
[Date "2020.04.04"]
[Round "?"]
[White "Moore, Michael"]
[Black "Seshadri, Sridhar"]
[Result "1-0"]
[WhiteElo "1950"]
[BlackElo "1626"]
[PlyCount "119"]
[EventDate "2020.??.??"]
[TimeControl "5400+30"]

1. d4 f5 2. Nc3 Nf6 3. Bg5 g6 4. Bxf6 exf6 5. e4 d6 6. h4 fxe4 7. Nxe4 Qe7 8.
Qe2 Kf7 9. O-O-O Nc6 10. h5 Bh6+ 11. Kb1 g5 12. Qf3 g4 13. Bc4+ Kg7 14. Qe2 Re8
15. f3 gxf3 16. gxf3 Bf5 17. Qg2+ Kh8 18. Rh4 Na5 19. Bd3 Rg8 20. Qf2 d5 21.
Nc5 Bxd3 22. Nxd3 Be3 23. Qh2 Bxg1 24. Rxg1 Rxg1+ 25. Qxg1 Rg8 26. Rg4 Rxg4 27.
Qxg4 Nc4 28. h6 Qf8 29. Qf4 Qe7 30. Qf5 Kg8 31. Qxd5+ Qf7 32. Qd8+ Qf8 33. Qxc7
Nd2+ 34. Ka1 Qxh6 35. Qc8+ Kg7 36. Qxb7+ Kg8 37. Qb8+ Kg7 38. Qxa7+ Kg6 39. Qe7
Qg5 40. a4 h5 41. Qe8+ Kg7 42. Qd7+ Kh6 43. b4 Nxf3 44. a5 Qg1+ 45. Kb2 h4 46.
a6 Nd2 47. a7 Qb1+ 48. Kc3 Ne4+ 49. Kc4 Qxc2+ 50. Kd5 Nc3+ 51. Ke6 Qa2+ 52.
Kxf6 Nd5+ 53. Ke5 Ne3 54. Qc6+ Kg5 55. Qf6+ Kh5 56. Nf4+ Kg4 57. Qg6+ Kf3 58.
Qe4+ Kg3 59. Qxe3+ Kg4 60. Qe2+ {drakeglider won by resignation} 1-0

[Event "Live Chess"]
[Site "Chess.com"]
[Date "2020.04.04"]
[Round "?"]
[White "Chang, Eddie"]
[Black "Roberts, Theodore "]
[Result "0-1"]
[WhiteElo "1887"]
[BlackElo "1934"]
[PlyCount "126"]
[EventDate "2020.??.??"]
[TimeControl "5400+30"]

1. d4 d5 2. c4 e6 3. Nc3 Nf6 4. cxd5 exd5 5. Bg5 Be7 6. Qc2 c6 7. e3 O-O 8. Bd3
Nbd7 9. Nge2 Re8 10. O-O Nf8 11. f3 Ng6 12. Rae1 Be6 13. Ng3 Rc8 14. Bf5 Bxf5
15. Nxf5 h6 16. Nxe7+ Qxe7 17. Bxf6 Qxf6 18. Qd2 Rcd8 19. b4 Ne7 20. Na4 Nf5
21. Nb2 Nd6 22. Qd3 Re7 23. Re2 Rde8 24. Rfe1 a6 25. Na4 Nf5 26. Nc5 Qg5 27. e4
dxe4 28. fxe4 Nd6 29. e5 Nc8 30. Re3 Rd8 31. Ne4 Qh4 32. Rg3 Kh8 33. Qe3 Re6
34. Rf1 Qe7 35. Rf6 Qxb4 36. Rxg7 Kxg7 37. Qxh6+ Kg8 38. Qg5+ Kf8 39. Qh6+ Ke7
40. Rxe6+ Kd7 41. Nc5+ Kc7 42. Rxc6+ Kb8 43. Rxc8+ Kxc8 44. Qc1 Qxd4+ 45. Kf1
Qd1+ 46. Qxd1 Rxd1+ 47. Ke2 Rd5 48. Nd3 Ra5 49. h4 Rxa2+ 50. Kf3 Ra3 51. Ke3
Kd7 52. h5 Ke7 53. g4 Kf8 54. Ke4 b5 55. g5 b4 56. e6 fxe6 57. Nf4 Kf7 58. h6
b3 59. g6+ Kg8 60. Nd3 Ra2 61. Ke5 b2 62. Nxb2 Rxb2 63. Kxe6 Rh2 {tmr68rocks
won by resignation} 0-1

[Event "Live Chess"]
[Site "Chess.com"]
[Date "2020.04.05"]
[Round "?"]
[White "Deng, Lily"]
[Black "Chang, Eddie"]
[Result "0-1"]
[WhiteElo "1844"]
[BlackElo "1887"]
[PlyCount "80"]
[EventDate "2020.??.??"]
[TimeControl "5400+30"]

1. e4 c5 2. Nf3 d6 3. d4 cxd4 4. Nxd4 Nf6 5. Nc3 Nc6 6. Nf3 e5 7. Bc4 h6 8. h3
Be7 9. O-O O-O 10. Re1 Be6 11. Bb3 Qd7 12. Be3 Rfd8 13. Qe2 d5 14. exd5 Nxd5
15. Nxd5 Bxd5 16. Rad1 Qe6 17. Bxd5 Rxd5 18. Rxd5 Qxd5 19. c4 Qe6 20. Rd1 Rd8
21. b3 f5 22. Re1 e4 23. Nd2 Bf6 24. f3 Nd4 25. Qd1 Bh4 26. Bf2 Bxf2+ 27. Kxf2
Nxf3 28. gxf3 Qb6+ 29. Kf1 e3 30. Re2 Qd4 31. Ke1 exd2+ 32. Kf1 Qc3 33. Kg2 Qc1
34. Re1 dxe1=Q 35. Qxd8+ Kh7 36. Qd4 Qh1+ 37. Kg3 Qg5+ 38. Kf2 Qgg2+ 39. Ke3
Qxf3+ 40. Kd2 Qhd1# {Magicalshoes won by checkmate} 0-1

[Event "Live Chess"]
[Site "Chess.com"]
[Date "2020.04.05"]
[Round "?"]
[White "Chang, Eddie"]
[Black "Seshadri, Sridhar"]
[Result "1-0"]
[WhiteElo "1887"]
[BlackElo "1626"]
[PlyCount "41"]
[EventDate "2020.??.??"]
[TimeControl "5400+30"]

1. d4 f5 2. Nc3 Nf6 3. Bg5 d5 4. Bxf6 exf6 5. e3 g6 6. Bd3 Bg7 7. Qf3 c6 8.
Nge2 Be6 9. Nf4 Bf7 10. h4 Nd7 11. h5 Qb6 12. O-O-O O-O-O 13. g4 g5 14. Nfe2
fxg4 15. Qxg4 Kb8 16. Ng3 h6 17. Bg6 Rhf8 18. Nf5 Be6 19. Qg3+ Ka8 20. Nxg7 f5
21. Nxe6 {Magicalshoes won by resignation} 1-0

[Event "Live Chess"]
[Site "Chess.com"]
[Date "2020.04.04"]
[Round "?"]
[White "Qian, Daniel"]
[Black "Szeto, Sophie"]
[Result "0-1"]
[WhiteElo "1886"]
[BlackElo "1496"]
[PlyCount "54"]
[EventDate "2020.??.??"]
[TimeControl "5400+30"]

1. d4 d5 2. c4 e6 3. Nc3 Nf6 4. cxd5 exd5 5. Bg5 Be7 6. e3 h6 7. Bf4 O-O 8. Bd3
Nbd7 9. h3 b6 10. Nf3 Bb7 11. Qc2 c5 12. g4 Rc8 13. Rg1 Ne4 14. Bxe4 dxe4 15.
Ne5 cxd4 16. exd4 Nf6 17. Qd2 Bb4 18. g5 e3 19. fxe3 Ne4 20. Qd3 Nxc3 21. a3
Be4 22. Qf1 Nb1+ 23. Kd1 Qc7 24. Qc4 Qxc4 25. Nxc4 Rxc4 26. axb4 Rfc8 27. Re1
Bf3+ {sls701 won by resignation} 0-1

[Event "Live Chess"]
[Site "Chess.com"]
[Date "2020.04.04"]
[Round "?"]
[White "Jones, Davey"]
[Black "Qian, Daniel"]
[Result "0-1"]
[WhiteElo "1819"]
[BlackElo "1886"]
[PlyCount "118"]
[EventDate "2020.??.??"]
[TimeControl "5400+30"]

1. e4 d6 2. d4 Nf6 3. Nc3 g6 4. f4 Bg7 5. Nf3 c5 6. dxc5 Qa5 7. Bd3 Qxc5 8. Qe2
Bg4 9. Be3 Qa5 10. O-O Nc6 11. h3 Bxf3 12. Qxf3 O-O 13. a3 a6 14. Qf2 Nd7 15.
Rab1 b5 16. Nd5 Rab8 17. e5 dxe5 18. f5 Qd8 19. Be4 e6 20. fxe6 fxe6 21. Qg3
Nd4 22. Nc3 Rc8 23. Qg4 Nf6 24. Qh4 Rxc3 25. bxc3 Ne2+ 26. Kh1 Nxe4 27. Rxf8+
Qxf8 28. Kh2 N4g3 29. Rd1 Bf6 30. Bg5 Nf5 31. Qg4 Nxc3 32. Rd7 Qc8 33. Ra7 h5
34. Qf3 Bxg5 35. Ra8 Bf4+ 36. Kg1 Qxa8 37. Qxa8+ Kg7 38. Qxa6 Nd4 39. Qb7+ Kf6
40. Qc8 Nd5 41. c4 bxc4 42. Qxc4 Be3+ 43. Kh2 e4 44. Qc8 Nf5 45. g3 Bd2 46. a4
e3 47. Qc4 Ke5 48. Qd3 Nd4 49. Qxg6 e2 50. Qxh5+ Ke4 51. Qg6+ Ke3 52. Qg5+ Kd3
53. Qg6+ Kc3 54. Qe4 e1=Q 55. Qxe1 Bxe1 56. g4 Bh4 57. a5 Kd3 58. a6 e5 59. a7
Nc7 {tacticsmaster5000 won by resignation} 0-1

[Event "Live Chess"]
[Site "Chess.com"]
[Date "2020.04.05"]
[Round "?"]
[White "Qian, Daniel"]
[Black "Seshadri, Sridhar"]
[Result "1/2-1/2"]
[WhiteElo "1886"]
[BlackElo "1626"]
[PlyCount "93"]
[EventDate "2020.??.??"]
[TimeControl "5400+30"]

1. d4 Nf6 2. c4 g6 3. Nc3 Bg7 4. e4 d6 5. Be2 O-O 6. Nf3 Nbd7 7. Be3 c5 8. d5
Re8 9. O-O Nf8 10. Qc2 a6 11. Rad1 Ng4 12. Bf4 Ne5 13. Nxe5 dxe5 14. Be3 Qd6
15. f3 Bd7 16. a3 Rec8 17. Rb1 Be8 18. b4 b6 19. bxc5 bxc5 20. Rb2 Rcb8 21.
Rfb1 Rxb2 22. Qxb2 Nd7 23. Bd1 Rb8 24. Qc2 Nb6 25. Qa2 h5 26. a4 Nd7 27. Rxb8
Qxb8 28. Qb3 Qd6 29. Qb7 Kh7 30. a5 Nf6 31. Bc2 e6 32. Qb6 Bf8 33. Ba4 Bxa4 34.
Nxa4 Nd7 35. Qc6 exd5 36. exd5 Qe7 37. Nb6 Nxb6 38. axb6 Qh4 39. g3 Qxc4 40.
Qc7 Qe2 41. Bf2 Qxf3 42. b7 Qd1+ 43. Kg2 Qxd5+ 44. Kf1 Bd6 45. Qc8 Qd3+ 46. Kg2
Qe4+ 47. Kg1 {Game drawn by agreement} 1/2-1/2

[Event "Live Chess"]
[Site "Chess.com"]
[Date "2020.04.04"]
[Round "?"]
[White "Deng, Lily"]
[Black "Wang, Felicity"]
[Result "0-1"]
[WhiteElo "1844"]
[BlackElo "1637"]
[PlyCount "76"]
[EventDate "2020.??.??"]
[TimeControl "5400+30"]

1. e4 e5 2. Nf3 Nc6 3. Nc3 Nf6 4. Bb5 Bb4 5. d3 d6 6. h3 a6 7. Bc4 Be6 8. Bb3
Nd4 9. O-O Nxb3 10. axb3 h6 11. Be3 O-O 12. Qe2 Qe7 13. Rfd1 Rad8 14. Nd2 c5
15. Nc4 b5 16. Nd2 Ra8 17. Qf3 Qd8 18. Qg3 Kh7 19. Na2 Ba5 20. c3 Bb6 21. b4
Nd7 22. c4 f5 23. exf5 Rxf5 24. bxc5 Nxc5 25. Bxc5 Bxc5 26. Ne4 Bd4 27. cxb5 d5
28. Rd2 dxe4 29. dxe4 Rg5 30. Qf3 axb5 31. b3 Qa5 32. Rc1 Qxd2 33. Rf1 Rxa2 34.
b4 Bxf2+ 35. Kh1 Bd4 36. Rb1 Qxg2+ 37. Qxg2 Rgxg2 38. Rd1 Rh2# {
FireHeartSandStorm won by checkmate} 0-1

[Event "Live Chess"]
[Site "Chess.com"]
[Date "2020.04.05"]
[Round "?"]
[White "Jones, Davey"]
[Black "Deng, Lily"]
[Result "1-0"]
[WhiteElo "1819"]
[BlackElo "1844"]
[PlyCount "67"]
[EventDate "2020.??.??"]
[TimeControl "5400+30"]

1. e4 e5 2. Nf3 Nc6 3. Bb5 Nf6 4. O-O Bc5 5. c3 O-O 6. d4 Bb6 7. dxe5 Nxe4 8.
Bd3 Nc5 9. Bxh7+ Kh8 10. Bc2 d5 11. exd6 cxd6 12. Qd5 g6 13. Bg5 f6 14. Bh6 Be6
15. Qd2 Rg8 16. b4 Nd7 17. Qxd6 Bf5 18. Bxf5 gxf5 19. Qe6 Rg6 20. Bf4 Ne7 21.
Rd1 Ne5 22. Rxd8+ Rxd8 23. Nbd2 Bxf2+ 24. Kxf2 Nd3+ 25. Kf1 Rxg2 26. Qxf6+ Rg7
27. Bh6 Rdg8 28. Qd4 Kh7 29. Bxg7 Rxg7 30. Qxd3 Ng6 31. Qxf5 Kh8 32. Re1 b6 33.
Re8+ Kh7 34. Qh5# {SolarFlareCannon won by checkmate} 1-0

[Event "Live Chess"]
[Site "Chess.com"]
[Date "2020.04.05"]
[Round "?"]
[White "Wang, Felicity"]
[Black "Thomas, Damarcus"]
[Result "0-1"]
[WhiteElo "1637"]
[BlackElo "1843"]
[PlyCount "82"]
[EventDate "2020.??.??"]
[TimeControl "5400+30"]

1. e4 e5 2. Nf3 d6 3. Bc4 Be7 4. c3 Nf6 5. d3 O-O 6. O-O Bg4 7. h3 Bxf3 8. Qxf3
c6 9. Qg3 Nbd7 10. f4 exf4 11. Qxf4 Ne5 12. Nd2 b5 13. Bb3 Nxd3 14. Qg3 Ne5 15.
Bc2 Nh5 16. Qe3 Bg5 17. Qe1 Qb6+ 18. Kh1 Bf4 19. Nc4 bxc4 20. Bxf4 Nxf4 21.
Rxf4 Qxb2 22. Rf2 Qa3 23. Qe3 Rab8 24. Qd4 Rb2 25. Kh2 f6 26. Rd2 Rd8 27. Bd1
a5 28. Be2 d5 29. Kh1 c5 30. Qe3 d4 31. Qf4 Qxc3 32. Rad1 Rxd2 33. Qxd2 Qxd2
34. Rxd2 c3 35. Rc2 d3 36. Rxc3 dxe2 37. Re3 Rd1+ 38. Kh2 e1=Q 39. Rxe1 Rxe1
40. Kg3 Rxe4 41. Kf2 c4 {blackcat11 won by resignation} 0-1

[Event "Live Chess"]
[Site "Chess.com"]
[Date "2020.04.05"]
[Round "?"]
[White "Seshadri, Sridhar"]
[Black "Jones, Davey"]
[Result "1/2-1/2"]
[WhiteElo "1626"]
[BlackElo "1819"]
[PlyCount "88"]
[EventDate "2020.??.??"]
[TimeControl "5400+30"]

1. c4 Nf6 2. Nc3 c5 3. Nf3 d5 4. e3 Nc6 5. d4 cxd4 6. exd4 g6 7. Be2 Bg7 8. h3
O-O 9. Be3 dxc4 10. Bxc4 Na5 11. Bd3 Be6 12. O-O Rc8 13. Ng5 Bc4 14. Nce4 Nxe4
15. Nxe4 Bd5 16. b3 Nc6 17. Rc1 Nb4 18. Rxc8 Qxc8 19. Bb1 Qc6 20. Qd2 Bxe4 21.
Bxe4 Qxe4 22. Qxb4 Rc8 23. Qa4 a6 24. Qd7 Qc6 25. Qxe7 Bf6 26. Qa3 Rd8 27. Rc1
Qe4 28. Qb4 Qd3 29. Qb6 Qf5 30. Qxb7 Bxd4 31. Bxd4 Rxd4 32. Qxa6 Qf4 33. Qc8+
Kg7 34. Qc3 Kg8 35. Re1 h5 36. g3 Qd6 37. a4 Kh7 38. a5 Rd3 39. Qc4 Rxg3+ 40.
fxg3 Qxg3+ 41. Kf1 Qf3+ 42. Kg1 Qg3+ 43. Kf1 Qf3+ 44. Kg1 Qg3+ {Game drawn by
repetition} 1/2-1/2

[Event "Live Chess"]
[Site "Chess.com"]
[Date "2020.04.05"]
[Round "?"]
[White "Vemparala, Nikash"]
[Black "Nallabothula, Varin"]
[Result "1-0"]
[WhiteElo "1672"]
[BlackElo "1293"]
[PlyCount "111"]
[EventDate "2020.??.??"]
[TimeControl "5400+30"]

1. e4 e5 2. Nf3 Nf6 3. Nxe5 d6 4. Nf3 Nxe4 5. Nc3 Nxc3 6. dxc3 Be7 7. Bd3 Nc6
8. Be3 O-O 9. Qd2 a6 10. h3 Re8 11. O-O-O Be6 12. Kb1 d5 13. Rdg1 b5 14. g4 b4
15. g5 bxc3 16. Qxc3 Qd7 17. Qd2 Reb8 18. h4 d4 19. Nxd4 Nxd4 20. Bxd4 Qa4 21.
b3 Kh8 22. Bb2 Qd7 23. h5 Kg8 24. g6 f6 25. gxh7+ Kh8 26. h6 Bf8 27. hxg7+ Bxg7
28. Qf4 Bxb3 29. axb3 Rb6 30. Bc4 Rab8 31. Bxf6 Rxf6 32. Qxf6 Qd1+ 33. Rxd1
Bxf6 34. Rdg1 Bg7 35. f4 Rf8 36. Rf1 Rf5 37. Rfg1 Rf8 38. Rxg7 Kxg7 39. h8=Q+
Rxh8 40. Rxh8 Kxh8 41. Bxa6 Kg7 42. Kb2 Kf6 43. Kc3 Kf5 44. Kc4 Kxf4 45. Kc5
Ke3 46. Kc6 Kd2 47. Bd3 Kc3 48. Kxc7 Kb4 49. Kd6 Kc3 50. Kc5 Kb2 51. b4 Ka1 52.
b5 Ka2 53. b6 Ka1 54. b7 Ka2 55. b8=Q Ka3 56. Qb3# {insatiable27 won by
checkmate} 1-0